 Dungeon Crawl Stone Soup version 0.32-a0-12-g7fc57aa (webtiles) character file.

Game seed: 14571462256777057606

4053 blake the Fighter (level 10, -1/117 HPs)
             Began as a Djinni Conjurer on Jan 14, 2024.
             Was a Follower of Elyvilon (penitent).
             Shot with an arrow by a centaur (7 damage)
             ... on level 9 of the Dungeon.
             The game lasted 00:27:15 (6580 turns).

blake the Fighter (Djinni Conjurer)                 Turns: 6580, Time: 00:27:16

Health: -1/117     AC:  5    Str:  3 (6)  XL:     10   Next: 48%
Gold:   452        EV: 27    Int: 22 (23) God:    Elyvilon [*.....] SH:  0 Dex: 10 (13)

rFire   + + +        b - staff of fire
rCold   . . .        (no shield)
rNeg    . . .        E - +0 steam dragon scales
rPois   ∞            (no helmet)
rElec   +            (no cloak)
rCorr   +            (no gloves)
SInv    .            (boots unavailable)
Will    +....        x - amulet of the acrobat Stlth
                     (no ring)
HPRegen 0.39/turn    (no ring)
MPRegen 0.00/turn

%: acrobat, infuse magic (-2 HP)
@: mighty, berserking, resistant, acrobatic, unable to call your familiar,
flying, very quick
A: sickness immunity, fire resistance 2, cold vulnerability 1, float, innate
caster, HP casting, extra vitality 1
a: Renounce Religion


You were on level 9 of the Dungeon.
You worshipped Elyvilon.
Elyvilon was demanding penance.
You visited 2 branches of the dungeon, and saw 10 of its levels.

You collected 452 gold pieces.

Inventory:

Missiles
 h - a throwing net
Armour
 a - a +0 robe
 w - a scarf of shadows
 E - +0 steam dragon scales (worn)
Magical Staves
 b - a staff of fire (weapon)
Jewellery
 x - an amulet of the acrobat (around neck)
 B - an amulet of faith
Wands
 q - a wand of roots (2)
 y - a wand of flame (4)
 z - a wand of acid (4)
 D - a wand of mindburst (9)
Scrolls
 c - a scroll of teleportation
 d - 4 scrolls of identify
 e - a scroll of torment {unknown}
 f - 2 scrolls of vulnerability
 j - a scroll of silence {unknown}
 p - a scroll of butterflies {unknown}
 r - a scroll of enchant armour {unknown}
 s - a scroll of enchant weapon {unknown}
 F - a scroll of fear {unknown}
 H - a scroll of immolation {unknown}
Potions
 g - a potion of might
 i - 2 potions of degeneration
 k - a potion of resistance
 l - a potion of haste
 n - a potion of heal wounds {unknown}
 o - 2 potions of curing {unknown}
 t - 2 potions of brilliance {unknown}
 u - a potion of mutation {unknown}
 A - a potion of magic {unknown}
 C - 3 potions of enlightenment {unknown}
 G - a potion of attraction {unknown}


   Skills:
 + Level 9.3 Fighting
 - Level 2.2 Dodging
 - Level 1.6 Stealth
 + Level 8.1 Spellcasting
 + Level 8.1 Conjurations
 + Level 8.1 Hexes
 + Level 8.1 Summonings
 + Level 8.1 Necromancy
 + Level 8.1 Translocations
 + Level 8.1 Fire Magic
 + Level 8.1 Ice Magic
 + Level 8.1 Air Magic
 + Level 8.1 Earth Magic
 + Level 8.1 Alchemy
 + Level 6.0 Invocations


You knew the following spells:

 Your Spells              Type           Power      Damage    Failure   Level
a - Magic Dart            Conj           100%       1d8       1%          1
b - Searing Ray           Conj           88%        2d7       1%          2
c - Fulminant Prism       Conj/Alch      22%        3d12      2%          4
d - Iskenderun's Mystic   Conj/Tloc      44%        2d10      2%          4
e - Slow                  Hex            100%       N/A       1%          1
f - Jinxbite              Hex            88%        N/A       1%          2
g - Call Canine Familiar  Summ           44%        N/A       1%          3
h - Summon Blazeheart Go  Fire/Summ      61%        N/A       2%          4
Your spell library was empty.

Dungeon Overview and Level Annotations

Branches:
Dungeon (9/15)             Temple (1/1) D:6
   Lair: D:8-11         Orc: D:9-12

Altars:
Ashenzari
Cheibriados
Dithmenos
Elyvilon
Fedhas
Gozag
Hepliaklqana
Makhleb
Nemelex Xobeh
Okawaru
Qazlal
Ru
Uskayaw
Xom
Yredelemnul
Zin
The Shining One

Portals:
Abyss: D:3

Annotations:
D:3 2 transporters, fjs97's ghost, amateur KoEn
D:8 Erica


Innate Abilities, Weirdness & Mutations

You are immune to sickness and miasma.
You are immune to poison.
Your flesh is very heat resistant. (rF++)
You are vulnerable to cold. (rC-)
You float through the air rather than walking.
You learn spells naturally, not from books.
Your magical power is your life essence.
You have superior vitality. (+4 MHP)


Message History

The puff of flame hits the yak.
The yak is severely wounded.
Aiming: Throw Flame
Press: ? - help, Shift-Dir - straight line, f/p - yak
Aim: a yak (severely wounded, 81% to hit)
The puff of flame hits the yak.
The yak is almost dead.
Aiming: Throw Flame
Press: ? - help, Shift-Dir - straight line, f/p - yak
Aim: a yak (almost dead, 81% to hit)
The puff of flame misses the yak.
Aiming: Throw Flame
Press: ? - help, Shift-Dir - straight line, f/p - yak
Aim: a yak (almost dead, 81% to hit)
The puff of flame misses the yak.
Your extra speed is starting to run out.
Aiming: Corrosive Bolt
Press: ? - help, Shift-Dir - straight line, f/p - yak
Aim: a yak (almost dead, 83% to hit)
The bolt of acid hits the yak!
You kill the yak!
You hear a bellow! x2
Your Invocations skill increases to level 6!
You feel yourself slow down.
A centaur comes into view.
The centaur wields a +0 orcbow.
The centaur shoots an arrow.
The arrow hits you!
* * * LOW HITPOINT WARNING * * *
Aiming: Mindburst
Press: ? - help, Shift-Dir - straight line, f - centaur
Aim: a centaur, wielding a +0 orcbow (chance to affect: 64%)
Okay, then.
It was a potion of berserk rage.
A red film seems to cover your vision as you go berserk!
You feel yourself moving faster!
You feel mighty!
The centaur shoots an arrow.
The arrow barely misses you.
You are too berserk!
You feel a strong urge to attack something.
The centaur shoots an arrow.
The arrow hits you!
You die...

############
...........#
...........#
...$....†..#
......†<.@.#
...c.......#
.###########


You could see a centaur.

Vanquished Creatures
  A two-headed ogre (D:8)
  8 yaks
  A steam dragon (D:7)
  A black bear (D:5)
  2 ogres
  3 kobold brigands
  2 gnoll sergeants
  5 bullfrogs
  2 scorpions
  3 wights (D:7)
  A howler monkey (D:4)
  2 bombardier beetles
  2 jellies
  3 hounds
  3 orc priests
  3 iguanas
  A sleepcap (D:4)
  Natasha (twice) (D:2)
  4 orc wizards
  8 gnolls
  11 adders
  A shadow imp (D:6)
  2 white imps (D:6)
  2 dart slugs
  2 ribbon worms
  14 orcs
  4 endoplasms
  4 giant cockroaches
  7 goblins
  2 hobgoblins
  11 jackals
  4 quokkas
  3 ball pythons
  5 bats
  3 frilled lizards
  21 kobolds
  5 rats
158 creatures vanquished.

Vanquished Creatures (collateral kills)
  A kobold brigand (D:7)
  A wight (D:7)
  A gnoll (D:7)
  3 kobolds (D:7)
6 creatures vanquished.

Vanquished Creatures (others)
  5 blazeheart cores
  6 fulminant prisms
11 creatures vanquished.

Grand Total: 175 creatures vanquished

Notes
Turn   | Place    | Note
-------+----------+-------------------------------------------
     0 | D:1      | blake the Djinni Conjurer began the quest for the Orb.
     0 | D:1      | blake set off with the following spells memorised: Magic
                  | Dart, Searing Ray, Fulminant Prism, Iskenderun's Mystic
                  | Blast.
     0 | D:1      | Reached XP level 1. HP: 15/15 MP: 0/0
   125 | D:1      | Reached XP level 2. HP: 21/22 MP: 0/0
   130 | D:1      | Found a faded altar of an unknown god.
   369 | D:1      | Reached skill level 1 in Fighting
   372 | D:1      | You are sucked into a shaft and drop 1 floor!
   574 | D:1      | Reached XP level 3. HP: 26/27 MP: 0/0
   574 | D:1      | Learned a level 1 spell: Slow
   893 | D:2      | Reached skill level 2 in Fighting
   893 | D:2      | Reached XP level 4. HP: 22/33 MP: 0/0
   981 | D:2      | Noticed Natasha
   985 | D:2      | Killed Natasha
  1101 | D:2      | Reached XP level 5. HP: 36/39 MP: 0/0
  1101 | D:2      | Learned a level 2 spell: Jinxbite
  1459 | D:2      | Noticed Natasha
  1466 | D:2      | Killed Natasha
  1467 | D:2      | Reached skill level 3 in Fighting
  1561 | D:3      | Found a transporter.
  1589 | D:3      | Noticed a small abomination
  1591 | D:3      | Noticed fjs97's ghost (amateur KoEn)
  1724 | D:3      | Found a one-way gate to the infinite horrors of the Abyss.
  1728 | D:3      | Found a transporter.
  1812 | D:3      | Reached XP level 6. HP: 11/47 MP: 0/0
  2368 | D:4      | Reached skill level 4 in Fighting
  2431 | D:4      | Noticed an ogre
  2435 | D:4      | Killed an ogre
  2436 | D:4      | Reached skill level 5 in Spellcasting
  2436 | D:4      | Reached skill level 5 in Conjurations
  2436 | D:4      | Reached skill level 5 in Hexes
  2436 | D:4      | Reached skill level 5 in Summonings
  2436 | D:4      | Reached skill level 5 in Necromancy
  2436 | D:4      | Reached skill level 5 in Translocations
  2436 | D:4      | Reached skill level 5 in Fire Magic
  2436 | D:4      | Reached skill level 5 in Ice Magic
  2436 | D:4      | Reached skill level 5 in Air Magic
  2436 | D:4      | Reached skill level 5 in Earth Magic
  2436 | D:4      | Reached skill level 5 in Alchemy
  2500 | D:4      | Found a stormy altar of Qazlal.
  2555 | D:4      | Reached XP level 7. HP: 39/53 MP: 0/0
  2555 | D:4      | Learned a level 3 spell: Call Canine Familiar
  2912 | D:4      | Found a bloodstained altar of Trog.
  2914 | D:4      | Found a shimmering altar of Xom.
  2914 | D:4      | Found a shadowy altar of Dithmenos.
  2917 | D:4      | Found a shimmering altar of Xom.
  2917 | D:4      | Found a hazy altar of Hepliaklqana.
  2917 | D:4      | Found an opulent altar of Gozag.
  3034 | D:4      | Reached skill level 5 in Fighting
  3194 | D:5      | Entered Level 5 of the Dungeon
  3429 | D:5      | Reached XP level 8. HP: 57/61 MP: 0/0
  3586 | D:5      | Reached skill level 6 in Fighting
  4413 | D:6      | Found a broken altar of Ashenzari.
  4616 | D:6      | Found a staircase to the Ecumenical Temple.
  4638 | Temple   | Entered the Ecumenical Temple
  4648 | Temple   | Became a worshipper of Elyvilon the Healer
  4814 | D:6      | Found a burning altar of Makhleb.
  4888 | D:7      | Reached skill level 7 in Fighting
  4932 | D:7      | Reached skill level 1 in Invocations
  5021 | D:7      | Found a blossoming altar of Fedhas.
  5068 | D:7      | Reached XP level 9. HP: 35/68 MP: 0/0
  5068 | D:7      | Learned a level 4 spell: Summon Blazeheart Golem
  5490 | D:7      | Reached * piety under Elyvilon
  5563 | D:7      | Found a glowing silver altar of Zin.
  5763 | D:7      | Reached skill level 8 in Fighting
  5914 | D:8      | Noticed a two-headed ogre
  5929 | D:8      | Killed a two-headed ogre
  5992 | D:8      | Noticed Erica
  5997 | D:8      | Reached XP level 10. HP: 51/77 MP: 0/0
  6226 | D:8      | Reached skill level 5 in Invocations
  6243 | D:8      | Reached skill level 9 in Fighting
  6503 | D:8      | Was placed under penance by Elyvilon
  6504 | D:8      | HP: 2/78 [constriction (3)]
  6580 | D:9      | Shot with an arrow by a centaur

Illustrated notes

Levels and vault maps discovered:
D:1:      dpeg_arrival_subterranean_lakeside_camping, layout_rooms,
          shapermc_ecumenical_altar_pompeii, minmay_statues_item
D:2:      layout_loops_ring, uniq_natasha
D:3:      layout_rooms, gammafunk_ghost_abyssal_escape
D:4:      layout_rooms, doesnt_xom_only_xom, grunt_qazlal_clouds,
          minmay_gold_behind_fungi, nicolae_eternal_life
D:5:      layout_loops_ring, kiku_gazebo_pond_becter, minivault_5
D:6:      layout_rooms, kennysheep_mini, ashenzari_conservatory_becter,
          minmay_temple_entry_gardened_gates
D:7:      layout_loops_ring, general_overflow_altar, fedhas_altar_1,
          item_on_display_a
D:8:      layout_basic, worldfamousw_hep_ancestral_shrine, uniq_erica
D:9:      layout_cross, grunt_lair_entry_orc_guard_hut, hiddenorc1_lemuel,
          gammafunk_ghost_berserking_beasts
Temple:   hellmonk_temple_rainy

Skill      XL: |  1  2  3  4  5  6  7  8  9 10 |
---------------+-------------------------------+-----
Fighting       | 1 2 3 4 5 7 8 9 |  9.3
Spellcasting   | 4 5 6 7 8 |  8.1
Conjurations   | 4 5 6 7 8 |  8.1
Hexes          | 4 5 6 7 8 |  8.1
Summonings     | 4 5 6 7 8 |  8.1
Necromancy     | 4 5 6 7 8 |  8.1
Translocations | 4 5 6 7 8 |  8.1
Fire Magic     | 4 5 6 7 8 |  8.1
Ice Magic      | 4 5 6 7 8 |  8.1
Air Magic      | 4 5 6 7 8 |  8.1
Earth Magic    | 4 5 6 7 8 |  8.1
Alchemy        | 4 5 6 7 8 |  8.1
Invocations    | 1 4 6 |  6.0
Dodging        | |  2.2
Stealth        | |  1.6

Action                     |  1- 3 |  4- 6 |  7- 9 | 10-12 || total
---------------------------+-------+-------+-------+-------++-------
   Cast: Magic Dart        |    59 |    97 |   155 |    20 ||   331
         Searing Ray       |       |     9 |    28 |     9 ||    46
         Fulminant Prism   |       |     1 |     3 |     2 ||     6
         Summon Blazeheart |       |       |     5 |     4 ||     9
         Call Canine Famil |       |       |     4 |     4 ||     8
         Iskenderun's Myst |       |       |     1 |       ||     1
         Slow              |       |       |       |     1 ||     1
  Evoke: Wand              |       |       |       |    10 ||    10
    Use: Scroll            |       |       |     2 |     1 ||     3
         Potion            |       |       |       |     5 ||     5
 Armour: Robe              |     6 |    19 |    17 |       ||    42
         Steam dragon scal |       |       |     5 |    15 ||    20
  Dodge: Dodged            |     4 |    21 |    36 |    11 ||    72

Table legend: (Time is in decaauts)
 A = Elapsed time spent in this place.
 B = Non-inter-level travel time spent in this place.
 C = Inter-level travel time spent in this place.
 D = Time resting spent in this place.
 E = Time spent auto-exploring this place.
 F = Levels seen in this place.
 G = Mean time per level.
                   A        B        C        D        E       F      G
               +--------+--------+--------+--------+--------+-----+--------+
         Total |   6564 |   6347 |    217 |      6 |   5357 |  10 |  656.4 |
       Dungeon |   6546 |   6345 |    201 |      6 |   5357 |   9 |  727.3 |
        Temple |     18 |      2 |     16 |      0 |      0 |   1 |   18.0 |
               +--------+--------+--------+--------+--------+-----+--------+

Top non-repeatable levels by time:
     D:7: 1041 daAuts
     D:5: 1015 daAuts
     D:4: 966 daAuts
     D:2: 944 daAuts
     D:3: 692 daAuts
     D:6: 635 daAuts
     D:8: 630 daAuts
     D:1: 589 daAuts
     D:9: 29 daAuts
  Temple: 18 daAuts
